[Event "FIDE World Rapid Chess Championship 2021"]
[White "Cuenca Jimenez, Jose Fernando"]
[Black "Dvirnyy, Danyyil"]
[WhiteFideId "2255570"]
[BlackFideId "817570"]
[WhiteElo "2421"]
[BlackElo "2550"]
[Result "1/2-1/2"]
[Round "05"]
[TimeControl "900+10"]
[Date "2021.12.26"]
[WhiteClock "0:00:16"]
[BlackClock "0:01:05"]

1. d4 Nf6 2. c4 e6 3. Nf3 d5 4. Nc3 Be7 5. Bf4 O-O 6. e3 Nbd7 7. c5 c6 8. b4 b6 9. h4 a5 10. a3 Ne4 11. Nxe4 dxe4 12. Ne5 Nxe5 13. Bxe5 Qd5 14. Be2 Ba6 15. Bxa6 Rxa6 16. O-O Rfa8 17. cxb6 Rxb6 18. Bc7 Rba6 19. bxa5 Bd8 20. Bxd8 Qxd8 21. Qg4 Qd5 22. Rfc1 Rxa5 23. Rc3 h5 24. Qf4 c5 25. dxc5 Rxc5 26. Rac1 Rxc3 27. Rxc3 e5 28. Qf5 g6 29. Qf6 Qa5 30. Rb3 Qd5 31. Rb4 Rc8 32. Kh2 Ra8 33. a4 Rc8 34. Rb6 Qa2 35. Ra6 Qd5 36. a5 Qd8 37. Qxd8+ Rxd8 38. Rb6 Rd2 39. a6 Ra2 40. Kg3 Kg7 41. f3 Ra3 42. Kf2 Ra2+ 43. Kg3 Ra3 44. Kf2 Ra2+ 45. Kg3 1/2-1/2


[Site "http://www.Chess.com"]

[Event "FIDE World Rapid Chess Championship 2021"]
[White "Saraci, Nderim"]
[Black "Donchenko, Alexander"]
[WhiteFideId "6351921"]
[BlackFideId "24603295"]
[WhiteElo "2414"]
[BlackElo "2535"]
[Result "0-1"]
[Round "05"]
[TimeControl "900+10"]
[Date "2021.12.26"]
[WhiteClock "0:00:00"]
[BlackClock "0:08:36"]

1. Nf3 Nf6 2. g3 b6 3. Bg2 Bb7 4. c4 g6 5. b3 Bg7 6. Bb2 O-O 7. O-O d6 8. d4 c5 9. Nc3 cxd4 10. Qxd4 Ne4 11. Qe3 Nxc3 12. Bxc3 Bxc3 13. Qxc3 Nd7 14. Rfd1 Qc7 15. Rac1 Rac8 16. Qe3 Nf6 17. h3 Rfe8 18. Qh6 Bxf3 19. Bxf3 Qc5 20. h4 Qe5 21. Kg2 Rc5 22. Rd3 Qb2 23. Rh1 Re5 24. Rd2 Qa3 25. g4 Qa5 26. Qf4 h5 27. gxh5 Nxh5 28. Bxh5 Rxh5 29. Rhd1 Rc8 30. Qe4 Re5 31. Qg4 Rcc5 32. a4 Rh5 33. Kf1 Rce5 34. Rd3 Qc5 35. Rf3 Qc6 36. Rd4 Ref5 37. Rdd3 a6 38. Rde3 Kf8 39. Rc3 Re5 40. Qf4 Rhf5 41. Qd4 Kg8 42. Qg4 Re4 43. Qg3 Rh5 44. e3 Rexh4 45. Ke2 b5 46. Rf4 Rxf4 47. Qxf4 bxa4 48. b4 Qb6 49. c5 dxc5 50. bxc5 0-1


[Site "http://www.Chess.com"]

[Event "FIDE World Rapid Chess Championship 2021"]
[White "Thybo, Jesper Sondergaard"]
[Black "Klekowski, Maciej"]
[WhiteFideId "1438832"]
[BlackFideId "1132717"]
[WhiteElo "2401"]
[BlackElo "2528"]
[Result "1/2-1/2"]
[Round "05"]
[TimeControl "900+10"]
[Date "2021.12.26"]
[WhiteClock "0:00:30"]
[BlackClock "0:00:56"]

1. d4 Nf6 2. c4 e6 3. Nf3 b6 4. g3 Bb7 5. Bg2 Be7 6. Nc3 Ne4 7. Bd2 Nxc3 8. Bxc3 d5 9. cxd5 exd5 10. b4 O-O 11. O-O Nd7 12. Qb3 Nf6 13. Ne5 Ne4 14. b5 a5 15. a4 Bf6 16. Rfd1 Qe7 17. Bb2 Rfe8 18. Rac1 Bxe5 19. dxe5 Rad8 20. Qc2 Nc5 21. Ba3 Qxe5 22. Bxc5 bxc5 23. Qxc5 Rd7 24. e3 h5 25. Rd4 Qe6 26. h4 g6 27. Kh2 Red8 28. Bh3 f5 29. Bg2 Kh7 30. Rd2 Qb6 31. Qa3 c6 32. bxc6 Bxc6 33. Rb2 Qa6 34. Qc5 Bxa4 35. Rb6 Qa7 36. Qd4 Rf7 37. Bxd5 Bb3 38. Rxb3 Qxd4 39. exd4 Rxd5 40. Rc5 Rfd7 41. Rbb5 Rxd4 42. Rxa5 1/2-1/2


[Site "http://www.Chess.com"]

[Event "FIDE World Rapid Chess Championship 2021"]
[White "Moroni, Luca Jr"]
[Black "Sankalp, Gupta"]
[WhiteFideId "865834"]
[BlackFideId "5097010"]
[WhiteElo "2519"]
[BlackElo "2266"]
[Result "1-0"]
[Round "05"]
[TimeControl "900+10"]
[Date "2021.12.26"]
[WhiteClock "0:02:13"]
[BlackClock "0:07:40"]

1. d4 d5 2. Bf4 Nf6 3. e3 c5 4. dxc5 Nc6 5. Bb5 g6 6. c3 Bg7 7. Be5 O-O 8. Bxc6 bxc6 9. Ne2 Ba6 10. O-O Ne4 11. Bxg7 Kxg7 12. b4 e5 13. Nd2 Bxe2 14. Qxe2 Nxc3 15. Qd3 d4 16. Nf3 a5 17. Nxe5 Qd5 18. Nc4 Rad8 19. Nxa5 Nxa2 20. Nxc6 Qxc6 21. Rxa2 dxe3 22. Qxe3 Rfe8 23. Qc3+ Kg8 24. Rd2 Rb8 25. h3 Re4 26. Rd4 Qf6 27. Rfd1 Re2 28. Qf3 Qe6 29. Rd8+ Rxd8 30. Rxd8+ Kg7 31. Qc3+ Kh6 32. c6 Qf5 33. Qf3 Re1+ 34. Kh2 Qe5+ 35. Qg3 Qa1 36. Qf4+ g5 37. Rd6+ Re6 38. Rxe6+ fxe6 39. Qf8+ Kg6 40. Qg8+ Kf5 41. Qf7+ Ke4 42. Qxe6+ 1-0


[Site "http://www.Chess.com"]

[Event "FIDE World Rapid Chess Championship 2021"]
[White "Blanco Acevedo, Cristobal Jose"]
[Black "Czarnota, Pawel"]
[WhiteFideId "3900525"]
[BlackFideId "1121219"]
[WhiteElo "2289"]
[BlackElo "2511"]
[Result "0-1"]
[Round "05"]
[TimeControl "900+10"]
[Date "2021.12.26"]
[WhiteClock "0:00:00"]
[BlackClock "0:06:57"]

1. e4 c5 2. Nf3 d6 3. d4 cxd4 4. Nxd4 Nf6 5. Nc3 Nc6 6. Be2 e5 7. Nf3 h6 8. O-O Be7 9. Re1 O-O 10. Bf1 Bg4 11. h3 Bh5 12. Be2 Bg6 13. Bc4 Rc8 14. a3 Na5 15. Bd5 a6 16. Qe2 Qc7 17. Ba2 Nc4 18. Bb3 b5 19. Nh4 Bh7 20. Nf5 Bxf5 21. exf5 Rfe8 22. Qf3 Qc6 23. Qxc6 Rxc6 24. f4 Bf8 25. a4 b4 26. Na2 Rb8 27. Rb1 e4 28. g4 d5 29. Kg2 Na5 30. g5 Nxb3 31. cxb3 Rc2+ 32. Kg3 Nh5+ 33. Kg4 g6 34. fxg6 fxg6 35. f5 Rg2+ 36. Kh4 Ng7 37. fxg6 Be7 38. Ra1 0-1


[Site "http://www.Chess.com"]

[Event "FIDE World Rapid Chess Championship 2021"]
[White "Sanal, Vahap"]
[Black "Tologontegin, Semetey"]
[WhiteFideId "6300545"]
[BlackFideId "13800574"]
[WhiteElo "2509"]
[BlackElo "2300"]
[Result "1-0"]
[Round "05"]
[TimeControl "900+10"]
[Date "2021.12.26"]
[WhiteClock "0:06:55"]
[BlackClock "0:00:12"]

1. e4 c5 2. Nc3 d6 3. Nge2 g6 4. d4 cxd4 5. Nxd4 Nf6 6. Be3 Bg7 7. f3 O-O 8. Qd2 Nc6 9. O-O-O d5 10. exd5 Nxd5 11. Nxc6 bxc6 12. Bd4 e5 13. Bc5 Be6 14. Ne4 Re8 15. h4 h6 16. h5 g5 17. g4 Qc7 18. Bc4 Red8 19. Qf2 Bf8 20. Bxf8 Kxf8 21. Nc5 Qe7 22. Bb3 Nf4 23. Rhe1 Bxb3 24. axb3 Rxd1+ 25. Rxd1 Rd8 26. Rxd8+ Qxd8 27. Ne4 Qd4 28. Qe1 Ng2 29. Qd1 Nf4 30. Ng3 Ne6 31. Nf5 Qf4+ 32. Qd2 Qxf3 33. Qd6+ Kg8 34. Qxe5 Kh7 35. Ne3 Qe2 36. Kb1 c5 37. c3 Qd3+ 38. Kc1 Qe2 39. Qe4+ Kg8 40. Kb1 Qe1+ 41. Ka2 Qe2 42. Qa8+ Kh7 43. Qe4+ Kg8 44. c4 Qe1 45. Qa8+ Kh7 46. Qe4+ Kg8 47. b4 cxb4 48. Qa8+ Kh7 49. Qxa7 Qf2 50. Kb3 Qf4 51. Nf5 Kg8 52. Nxh6+ Kg7 53. Nf5+ Kg8 54. Qe7 Qf3+ 55. Kxb4 1-0


[Site "http://www.Chess.com"]

[Event "FIDE World Rapid Chess Championship 2021"]
[White "Kolosowski, Mateusz"]
[Black "Gagunashvili, Merab"]
[WhiteFideId "1129708"]
[BlackFideId "13601652"]
[WhiteElo "2371"]
[BlackElo "2538"]
[Result "0-1"]
[Round "05"]
[TimeControl "900+10"]
[Date "2021.12.26"]
[WhiteClock "0:00:19"]
[BlackClock "0:02:07"]

1. e4 d6 2. d4 Nf6 3. Nc3 e5 4. Nge2 Be7 5. h3 O-O 6. g4 exd4 7. Nxd4 d5 8. e5 Nfd7 9. Nxd5 Nxe5 10. Bg2 Bc5 11. Nb3 Bd6 12. O-O Ng6 13. f4 c6 14. Nc3 Qc7 15. Qd2 f5 16. g5 Na6 17. Qf2 Be6 18. Be3 Bc4 19. h4 Bxf1 20. Rxf1 Rae8 21. h5 Rxe3 22. Qxe3 Nxf4 23. h6 Nxg2 24. Kxg2 Qe7 25. Qxe7 Bxe7 26. hxg7 Kxg7 27. Nd4 Kg6 28. Ne6 Re8 29. Ne2 Bxg5 30. N2d4 c5 31. Nxg5 Kxg5 32. Nf3+ Kf6 33. Kf2 Nb4 34. Rc1 Nc6 35. Rh1 Re7 36. Rh6+ Kg7 37. Rd6 Kf8 38. Rd5 b6 39. c3 f4 40. b3 Ke8 41. Nh4 Rd7 42. Rh5 Nd8 43. Rh6 Rf7 44. Kf3 Kd7 45. Ke4 Ne6 46. Nf3 Rg7 47. Kd5 Nf8 48. Ne5+ Kc7 49. Rf6 Ng6 50. Nd3 Rd7+ 51. Ke4 Re7+ 52. Kd5 Kd7 53. b4 cxb4 54. cxb4 Ke8 55. Nxf4 Nxf4+ 56. Rxf4 h5 57. Rh4 Rh7 58. Ke6 Rh6+ 59. Kf5 Kd7 60. Ke5 Kc6 61. a4 a6 62. Rc4+ Kd7 63. Rh4 Ke7 64. b5 a5 65. Kf5 Kd6 66. Rc4 Kd5 67. Rc8 h4 68. Kg5 Rh7 69. Kg6 Re7 70. Rh8 Re4 71. Rd8+ Kc5 72. Rc8+ Kb4 73. Kf5 Rc4 74. Rc6 h3 75. Rxb6 Rh4 0-1


[Site "http://www.Chess.com"]

[Event "FIDE World Rapid Chess Championship 2021"]
[White "Zilka, Stepan"]
[Black "Nasuta, Grzegorz"]
[WhiteFideId "315303"]
[BlackFideId "1141686"]
[WhiteElo "2474"]
[BlackElo "2345"]
[Result "1/2-1/2"]
[Round "05"]
[TimeControl "900+10"]
[Date "2021.12.26"]
[WhiteClock "0:00:00"]
[BlackClock "0:00:17"]

1. d4 d5 2. c4 c6 3. Nf3 Nf6 4. Nc3 dxc4 5. a4 Bf5 6. Ne5 Nbd7 7. Nxc4 Nb6 8. Ne5 a5 9. g3 e6 10. Bg2 Bb4 11. O-O O-O 12. Bf4 h6 13. Rc1 Nfd5 14. Bd2 Nf6 15. e3 Nfd7 16. Nxd7 Qxd7 17. Qb3 e5 18. Rfd1 exd4 19. exd4 Bg4 20. Re1 Be6 21. Qc2 Rad8 22. Bf1 Bf5 23. Qb3 Bh3 24. Bxh3 Qxh3 25. Re4 Rfe8 26. Rce1 Rxe4 27. Nxe4 Rxd4 28. Bc3 Rd7 29. Bxb4 axb4 30. Nc5 Rd5 31. Qxb4 Nd7 32. Nxd7 Qxd7 33. b3 Rd1 1/2-1/2


[Site "http://www.Chess.com"]

[Event "FIDE World Rapid Chess Championship 2021"]
[White "Postny, Evgeny"]
[Black "Lubczynski, Rafal"]
[WhiteFideId "2804344"]
[BlackFideId "1126091"]
[WhiteElo "2454"]
[BlackElo "2289"]
[Result "1-0"]
[Round "05"]
[TimeControl "900+10"]
[Date "2021.12.26"]
[WhiteClock "0:00:01"]
[BlackClock "0:00:34"]

1. d4 d5 2. c4 c6 3. Nf3 Nf6 4. Nc3 a6 5. c5 Bf5 6. Bf4 Nbd7 7. h3 h6 8. e3 e6 9. Be2 Be7 10. O-O O-O 11. b4 Qc8 12. a4 Bd8 13. b5 axb5 14. axb5 Rxa1 15. Qxa1 Bc7 16. Bxc7 Qxc7 17. Qa7 Rc8 18. Ra1 g5 19. b6 Qb8 20. Qxb8 Rxb8 21. Ra7 e5 22. Nd2 exd4 23. exd4 Nf8 24. Nb3 Ne6 25. Na5 Nxd4 26. Nxb7 Nd7 27. Bd1 Kg7 28. Na2 Bd3 29. Nb4 Bb5 30. Bg4 Nxc5 31. Nxc5 Rxb6 32. Nd7 c5 33. Nxb6 cxb4 34. Nxd5 b3 35. Nc3 1-0


[Site "http://www.Chess.com"]

[Event "FIDE World Rapid Chess Championship 2021"]
[White "Blohberger, Felix"]
[Black "Toczek, Grzegorz"]
[WhiteFideId "1632051"]
[BlackFideId "1106457"]
[WhiteElo "2409"]
[BlackElo "2220"]
[Result "1-0"]
[Round "05"]
[TimeControl "900+10"]
[Date "2021.12.26"]
[WhiteClock "0:09:56"]
[BlackClock "0:07:20"]

1. d4 Nf6 2. Nf3 e6 3. Bf4 b6 4. e3 Bb7 5. Bd3 Bd6 6. O-O O-O 7. Qe2 Bxf4 8. exf4 d6 9. c4 c5 10. Nc3 Nbd7 11. Rad1 Qe7 12. Bb1 Rfe8 13. Rfe1 Qf8 14. Nb5 Rec8 15. dxc5 dxc5 16. Ne5 Nb8 17. Nd6 Rc7 18. Nxb7 Rxb7 19. Qf3 1-0


[Site "http://www.Chess.com"]

[Event "FIDE World Rapid Chess Championship 2021"]
[White "Kadric, Denis"]
[Black "Carlsson, Pontus"]
[WhiteFideId "14403803"]
[BlackFideId "1705814"]
[WhiteElo "2542"]
[BlackElo "2436"]
[Result "1/2-1/2"]
[Round "05"]
[TimeControl "900+10"]
[Date "2021.12.26"]
[WhiteClock "0:00:34"]
[BlackClock "0:00:27"]

1. d3 d5 2. Nd2 Nf6 3. e4 c6 4. Ngf3 Bg4 5. h3 Bxf3 6. Qxf3 e6 7. g3 Nbd7 8. Bg2 Bc5 9. O-O O-O 10. Qe2 dxe4 11. dxe4 e5 12. a4 a5 13. Nc4 Re8 14. Bd2 Qc7 15. h4 Nf8 16. c3 Ne6 17. Kh1 Bf8 18. Be3 Nc5 19. Qc2 Ng4 20. Bg5 h6 21. Bc1 b5 22. axb5 cxb5 23. Ne3 Nxe3 24. Bxe3 Ne6 25. Rad1 b4 26. Rd5 a4 27. Ra1 a3 28. bxa3 Rxa3 29. Rxa3 bxa3 30. Qa4 Rc8 31. Bd2 Qb6 32. Be3 Qb2 33. Rxe5 Qxc3 34. Ra5 Qb4 35. Bh3 Qxa4 36. Rxa4 Rc2 37. Bf1 Nc5 38. Rxa3 Nxe4 39. Ra8 Nxf2+ 40. Kg1 Ng4 41. Bf4 Rc6 42. Kg2 Rc2+ 43. Kg1 Rc6 44. Kg2 Rc2+ 45. Kg1 Rc6 1/2-1/2


[Site "http://www.Chess.com"]

[Event "FIDE World Rapid Chess Championship 2021"]
[White "Anton Guijarro, David"]
[Black "Giri, Anish"]
[WhiteFideId "2285525"]
[BlackFideId "24116068"]
[WhiteElo "2627"]
[BlackElo "2767"]
[Result "1/2-1/2"]
[Round "06"]
[TimeControl "900+10"]
[Date "2021.12.27"]
[WhiteClock "0:00:29"]
[BlackClock "0:01:31"]

1. d4 Nf6 2. Nf3 g6 3. e3 Bg7 4. Be2 O-O 5. O-O c5 6. dxc5 Na6 7. c4 Nxc5 8. b4 Nfe4 9. Nd4 Ne6 10. Bb2 d5 11. Nxe6 Bxe6 12. Bxg7 Kxg7 13. Qd4+ Kg8 14. Rd1 Nf6 15. c5 b6 16. c6 Qd6 17. b5 Bf5 18. Nd2 Rfe8 19. a4 e5 20. Qb2 Qc7 21. h3 Rad8 22. a5 bxa5 23. Qa3 d4 24. exd4 exd4 25. Bf1 Bc2 26. Rdc1 d3 27. Qxa5 Qf4 28. g3 Qg5 29. Re1 Qc5 30. Qxa7 Qxb5 31. Qb7 Qxb7 32. Rxe8+ Rxe8 33. cxb7 Nd7 34. Ra8 Nb8 35. f4 Kf8 36. Kf2 Ke7 37. Ra3 Nd7 38. Bxd3 Bxd3 39. Rxd3 Rb8 40. Rb3 Nc5 41. Rb5 Kd6 42. Nc4+ Kc6 43. Rb1 Nxb7 44. Ne5+ Kc7 45. Rc1+ Kd6 46. Nxf7+ Ke7 47. Rc7+ Kf6 48. Ne5 Ke6 49. Rxh7 Nd6 50. Rg7 Kf5 51. Rxg6 Ne4+ 52. Ke2 Rb2+ 53. Kd1 Rg2 54. Rg8 Rxg3 55. Rf8+ Ke6 56. h4 Rh3 57. Ng6 Nf6 58. Ke2 Kf5 59. Ne7+ Ke6 60. Ng6 Kf5 61. Ne5 Rxh4 62. Nd7 Rh6 63. Kf3 Rh3+ 64. Kg2 Rh6 65. Kg3 Rg6+ 66. Kf3 Rh6 67. Ke3 Rh3+ 68. Kd4 Rh6 69. Rxf6+ Rxf6 70. Nxf6 Kxf4 1/2-1/2


[Site "http://www.Chess.com"]

[Event "FIDE World Rapid Chess Championship 2021"]
[White "Grischuk, Alexander"]
[Black "Cheparinov, Ivan"]
[WhiteFideId "4126025"]
[BlackFideId "2905540"]
[WhiteElo "2763"]
[BlackElo "2621"]
[Result "1-0"]
[Round "06"]
[TimeControl "900+10"]
[Date "2021.12.27"]
[WhiteClock "0:00:33"]
[BlackClock "0:00:30"]

1. e4 e5 2. Nf3 Nc6 3. Bb5 a6 4. Ba4 Nf6 5. O-O Be7 6. d3 b5 7. Bb3 d6 8. a4 Bd7 9. Bd2 O-O 10. h3 b4 11. c3 Rb8 12. a5 h6 13. Re1 Re8 14. d4 bxc3 15. bxc3 Bf8 16. d5 Ne7 17. c4 c5 18. Nc3 Qc7 19. Ba4 Rb7 20. Bxd7 Nxd7 21. Ne2 g6 22. Qc2 Bg7 23. Ng3 Reb8 24. Rab1 Rxb1 25. Rxb1 Rxb1+ 26. Qxb1 Qb8 27. Qc2 Nf6 28. Ne1 Qb7 29. f4 exf4 30. Bxf4 Qc7 31. Nf3 Nd7 32. Qa4 Kf8 33. Ne2 Nc8 34. Nc1 Ke7 35. Nd3 Bc3 36. Bxh6 Qxa5 37. Qc6 Ncb6 38. e5 Nxc4 39. exd6+ Nxd6 40. Bf4 Nf5 41. d6+ Ke8 42. Nfe5 Qd8 43. Kh2 Nd4 44. Qa4 Ne6 45. Bg3 Qc8 46. Nxd7 Qxd7 47. Qxa6 Kf8 48. Be5 Bd4 49. Bxd4 Nxd4 50. Qa8+ Qe8 51. Qd5 Ne6 52. Qe5 Ng7 53. Qxc5 Kg8 54. Ne5 Ne6 55. d7 Qd8 56. Qd6 Nf8 57. Qd5 Ne6 58. Nc6 Qc7+ 59. Kh1 Kh7 60. d8=Q Nxd8 61. Nxd8 Qc1+ 62. Kh2 Qc7+ 63. g3 1-0


[Site "http://www.Chess.com"]

[Event "FIDE World Rapid Chess Championship 2021"]
[White "Petrosian, Tigran L."]
[Black "Fedoseev, Vladimir"]
[WhiteFideId "13301616"]
[BlackFideId "24130737"]
[WhiteElo "2621"]
[BlackElo "2692"]
[Result "0-1"]
[Round "06"]
[TimeControl "900+10"]
[Date "2021.12.27"]
[WhiteClock "0:00:14"]
[BlackClock "0:02:39"]

1. e4 c6 2. Nf3 d5 3. d3 Nd7 4. exd5 cxd5 5. d4 e6 6. Bd3 Bd6 7. O-O Ngf6 8. Qe2 O-O 9. Ne5 Be7 10. Bf4 Nxe5 11. Bxe5 Bd7 12. Nd2 Qb6 13. Rab1 Rac8 14. c3 a6 15. Rfe1 Bb5 16. Bxb5 Qxb5 17. Qxb5 axb5 18. Bxf6 gxf6 19. a3 Bd6 20. g3 Rfe8 21. Re2 Kf8 22. Rbe1 Ke7 23. f4 Rg8 24. Kf2 Kd7 25. Nf3 h5 26. Ke3 Rg4 27. Rf1 Rh8 28. Ref2 Kc7 29. Kd3 Be7 30. f5 Kd7 31. Re2 Bd8 32. Nh4 Re8 33. Rfe1 Bc7 34. Kc2 e5 35. Ng2 Kc6 36. Rd1 Rd8 37. Kb3 Rg5 38. Nh4 Rdg8 39. Red2 Rd8 40. Re2 Bd6 41. Rf1 Re8 42. Kc2 Bf8 43. Kd1 Rg4 44. Rfe1 Bd6 45. Kc2 Reg8 46. Nf3 e4 47. Nh4 Bf4 48. Ng2 Bg5 49. Rf1 h4 50. gxh4 Bxh4 51. Ne3 Rg1 52. Rxg1 Rxg1 53. Rg2 Rh1 54. Ng4 Bg5 55. Re2 Rf1 56. Nf2 Bh4 57. Nd1 Rxf5 58. Rg2 Rh5 59. Rg7 Bg5 60. Rxf7 Rxh2+ 61. Kb3 Rd2 0-1


[Site "http://www.Chess.com"]

[Event "FIDE World Rapid Chess Championship 2021"]
[White "Firouzja, Alireza"]
[Black "Gareyev, Timur"]
[WhiteFideId "12573981"]
[BlackFideId "14200937"]
[WhiteElo "2656"]
[BlackElo "2578"]
[Result "1-0"]
[Round "06"]
[TimeControl "900+10"]
[Date "2021.12.27"]
[WhiteClock "0:01:12"]
[BlackClock "0:01:06"]

1. d4 Nf6 2. c4 Nc6 3. Nf3 e6 4. Nc3 Bb4 5. Qc2 d6 6. e4 e5 7. d5 Bxc3+ 8. Qxc3 Ne7 9. Bd3 O-O 10. h3 a5 11. Be3 b6 12. Bc2 Nd7 13. Nh4 Nc5 14. Nf5 Kh8 15. g4 Bd7 16. h4 Rb8 17. h5 f6 18. b3 Nb7 19. f3 b5 20. cxb5 Bxb5 21. h6 g5 22. Ng7 Qd7 23. Kf2 Rfc8 24. Qd2 c6 25. Nh5 Ng8 26. Rac1 Nd8 27. a4 Ba6 28. Qxa5 Ra8 29. Qd2 c5 30. b4 cxb4 31. Bb3 Nf7 32. Rc6 Bb7 33. Rxc8 Rxc8 34. Qxb4 Ba6 35. a5 Nfxh6 36. Ng3 Bb5 37. Rc1 Rf8 38. Bd1 Ne7 39. Bb6 Rc8 40. Rxc8+ Nxc8 41. Be3 Kg7 42. Be2 Bxe2 43. Nxe2 Nf7 44. a6 Nd8 45. Qb8 1-0


[Site "http://www.Chess.com"]

[Event "FIDE World Rapid Chess Championship 2021"]
[White "Nakamura, Hikaru"]
[Black "Predke, Alexandr"]
[WhiteFideId "2016192"]
[BlackFideId "24107581"]
[WhiteElo "2836"]
[BlackElo "2630"]
[Result "1-0"]
[Round "06"]
[TimeControl "900+10"]
[Date "2021.12.27"]
[WhiteClock "0:00:36"]
[BlackClock "0:00:31"]

1. e4 e5 2. Nf3 Nc6 3. Bb5 a6 4. Ba4 Nf6 5. O-O Be7 6. Re1 b5 7. Bb3 Bb7 8. c3 d5 9. exd5 Nxd5 10. Nxe5 Nxe5 11. Rxe5 O-O 12. d4 Bf6 13. Rf5 Qd7 14. Bc2 g6 15. Rf3 Bg7 16. Nd2 Rae8 17. Nb3 Nb6 18. Rg3 Bd5 19. Bf4 Na4 20. Rb1 Re7 21. Qd2 Rfe8 22. Bd3 Be4 23. h3 Qf5 24. Nc1 Nb6 25. Rg5 Qd7 26. Bxe4 Rxe4 27. Nd3 Qe6 28. Qd1 Qxa2 29. Ra1 Qc4 30. Bg3 Nd5 31. Ne5 Bxe5 32. Rxe5 R8xe5 33. Bxe5 f6 34. Bg3 b4 35. Qa4 Qb5 36. Qa2 bxc3 37. bxc3 Re2 38. Qxa6 Qxa6 39. Rxa6 Nxc3 40. Bxc7 Nd5 41. Bd6 Re1+ 42. Kh2 Kf7 43. Bc5 h5 44. g3 Re2 45. Kg2 Rc2 46. Kf3 f5 47. Ra7+ Ke6 48. Rg7 Kf6 49. Rd7 Nc3 50. d5 Ke5 51. d6 Ne4 52. Be3 Ke6 53. Rg7 Kxd6 54. Rxg6+ Ke5 55. Rh6 Rc3 56. Rxh5 Nf6 57. Rh8 Nd5 58. Rd8 Ke6 59. h4 Nf6 60. Ra8 Nh5 61. Ra5 Rb3 62. Kg2 Nf6 63. Bd4 Ne4 64. Re5+ 1-0


[Site "http://www.Chess.com"]

[Event "FIDE World Rapid Chess Championship 2021"]
[White "Vachier-Lagrave, Maxime"]
[Black "Volokitin, Andrei"]
[WhiteFideId "623539"]
[BlackFideId "14107090"]
[WhiteElo "2773"]
[BlackElo "2631"]
[Result "0-1"]
[Round "06"]
[TimeControl "900+10"]
[Date "2021.12.27"]
[WhiteClock "0:02:07"]
[BlackClock "0:00:31"]

1. Nf3 d5 2. g3 Nf6 3. Bg2 c5 4. O-O g6 5. c4 Bg7 6. cxd5 Nxd5 7. Qc2 Qa5 8. Nc3 Nb4 9. Qd1 c4 10. b3 Nd5 11. Nxd5 Bxa1 12. bxc4 Bg7 13. d4 e6 14. Bd2 Qd8 15. Nc3 O-O 16. Bg5 Qa5 17. Qd3 Nc6 18. Rb1 Nxd4 19. Nb5 Nxb5 20. Rxb5 Qxa2 21. h4 e5 22. Nd2 h6 23. Be7 Re8 24. Bd6 Bf5 25. Be4 Bxe4 26. Nxe4 b6 27. h5 gxh5 28. Bb4 Rad8 29. Nd6 Re6 30. Rd5 h4 31. Nf5 Qa1+ 32. Kg2 h3+ 33. Kh2 Rxd5 34. cxd5 Qf1 35. Ne3 Qxf2+ 36. Kxh3 Rg6 37. Nf5 Qf1+ 38. Kh2 Rg5 39. Nh4 Qf2+ 40. Kh3 e4 0-1


[Site "http://www.Chess.com"]

[Event "FIDE World Rapid Chess Championship 2021"]
[White "Caruana, Fabiano"]
[Black "Vidit, Santosh Gujrathi"]
[WhiteFideId "2020009"]
[BlackFideId "5029465"]
[WhiteElo "2770"]
[BlackElo "2629"]
[Result "1-0"]
[Round "06"]
[TimeControl "900+10"]
[Date "2021.12.27"]
[WhiteClock "0:13:37"]
[BlackClock "0:05:55"]

1. d4 Nf6 2. c4 e6 3. Nc3 Bb4 4. Qc2 O-O 5. e4 d5 6. e5 Ne4 7. Bd3 c5 8. Nf3 cxd4 9. Nxd4 Nd7 10. Bf4 Qh4 11. g3 Qh5 12. O-O Bxc3 13. bxc3 g5 14. cxd5 exd5 15. Be3 Nxe5 16. f3 Nxd3 17. Qxd3 Nd6 18. g4 Qg6 19. Qxg6+ fxg6 20. Bxg5 Re8 21. Bf4 Nc4 22. Nb5 Rf8 23. Bh6 Rd8 24. Rfe1 Kf7 25. Rad1 b6 26. Rd4 g5 27. Bxg5 Rd7 28. Rf4+ Kg6 29. Re6+ 1-0


[Site "http://www.Chess.com"]

[Event "FIDE World Rapid Chess Championship 2021"]
[White "Matlakov, Maxim"]
[Black "Rapport, Richard"]
[WhiteFideId "4168003"]
[BlackFideId "738590"]
[WhiteElo "2652"]
[BlackElo "2750"]
[Result "1/2-1/2"]
[Round "06"]
[TimeControl "900+10"]
[Date "2021.12.27"]
[WhiteClock "0:01:06"]
[BlackClock "0:01:05"]

1. d4 Nf6 2. c4 g6 3. Nf3 Bg7 4. g3 O-O 5. Bg2 d6 6. O-O Nc6 7. Nc3 Rb8 8. d5 Na5 9. b3 c5 10. dxc6 bxc6 11. Bg5 h6 12. Be3 Ng4 13. Bd2 e5 14. Rc1 f5 15. e4 f4 16. h3 Nf6 17. gxf4 exf4 18. e5 dxe5 19. Nxe5 g5 20. Na4 f3 21. Bxf3 Bxh3 22. Re1 Nd7 23. Bxa5 Nxe5 24. Bd5+ cxd5 25. Bxd8 Nf3+ 26. Kh1 Rbxd8 27. cxd5 Nxe1 28. Qxe1 Rxd5 29. Rc7 Bg4 30. Nc3 Bxc3 31. Qxc3 Rd1+ 32. Kg2 Bf3+ 33. Qxf3 Rxf3 34. Kxf3 a5 35. Ra7 Rd5 36. Kg4 Kf8 37. Kh5 Rf5 38. Kxh6 g4 39. a4 Rxf2 40. Rxa5 Rb2 41. Rg5 Rxb3 42. Rxg4 1/2-1/2


[Site "http://www.Chess.com"]

[Event "FIDE World Rapid Chess Championship 2021"]
[White "Efimenko, Zahar"]
[Black "Wojtaszek, Radoslaw"]
[WhiteFideId "14107201"]
[BlackFideId "1118358"]
[WhiteElo "2609"]
[BlackElo "2743"]
[Result "1/2-1/2"]
[Round "06"]
[TimeControl "900+10"]
[Date "2021.12.27"]
[WhiteClock "0:01:15"]
[BlackClock "0:01:30"]

1. e4 c5 2. Nf3 d6 3. Bb5+ Nd7 4. Ba4 Nf6 5. O-O e6 6. Re1 a6 7. c3 b5 8. Bc2 c4 9. d4 cxd3 10. Bxd3 Bb7 11. Nbd2 Be7 12. Nb3 O-O 13. a4 bxa4 14. Rxa4 a5 15. Bc2 Bc6 16. Ra1 Qb6 17. Nfd4 Bb7 18. Nd2 Rfc8 19. Qe2 Ne5 20. h3 Ned7 21. Qe3 Bf8 22. Qg3 Ne5 23. N2f3 Nxf3+ 24. Nxf3 d5 25. exd5 Bxd5 26. Ne5 Qb7 27. Ra4 Bb3 28. Bxb3 Qxb3 29. Rd4 Rd8 30. Qd3 Rxd4 31. Qxd4 Qd5 32. Qxd5 Nxd5 33. c4 Nb4 34. Rd1 Rc8 35. b3 f6 36. Nd7 Be7 37. Be3 Kf7 38. Nb6 Rc7 39. Na4 1/2-1/2


[Site "http://www.Chess.com"]

[Event "FIDE World Rapid Chess Championship 2021"]
[White "Hovhannisyan, Robert"]
[Black "Mamedyarov, Shakhriyar"]
[WhiteFideId "13302507"]
[BlackFideId "13401319"]
[WhiteElo "2613"]
[BlackElo "2727"]
[Result "1-0"]
[Round "06"]
[TimeControl "900+10"]
[Date "2021.12.27"]
[WhiteClock "0:00:35"]
[BlackClock "0:00:13"]

1. e4 e5 2. Nf3 Nc6 3. Nc3 Nf6 4. d4 exd4 5. Nxd4 Bb4 6. Nxc6 bxc6 7. Bd3 d5 8. exd5 O-O 9. O-O Bg4 10. f3 Bh5 11. Bg5 Bxc3 12. bxc3 cxd5 13. Re1 c6 14. Qd2 Bg6 15. Bf1 Rb8 16. Rab1 Rxb1 17. Rxb1 Qa5 18. Rb7 Qxa2 19. Qd4 a5 20. Qb6 h6 21. Bxf6 gxf6 22. Qxc6 Qxc2 23. Qxf6 Qd2 24. Qd4 Qxd4+ 25. cxd4 Ra8 26. Rb3 a4 27. Ra3 Bc2 28. Kf2 Rb8 29. Ke3 Rb2 30. g4 Kf8 31. Bd3 Rb3 32. Rxb3 Bxb3 33. Kd2 a3 34. Kc3 Bd1 35. f4 a2 36. Kb2 Bxg4 37. Kxa2 Ke7 38. Kb3 Kd6 39. Kb4 Bd7 40. Ka5 Kc7 41. Bc2 f6 42. Bb3 Kd6 43. Kb6 Be6 44. Bc2 Bd7 45. Kb7 Be6 46. f5 Bd7 47. Bd3 Bc6+ 48. Kc8 Ba4 49. Kd8 Bd7 50. Bc2 Bc6 51. h4 Bd7 52. Bd3 Ba4 53. Be2 Bd7 54. Bg4 Bb5 55. Bh5 Bd7 56. Bg6 Ba4 57. Be8 Bc2 58. Bd7 Bd1 59. Bb5 Bh5 60. Ba4 Bg4 61. Bc2 Bh5 62. Bd3 Bf3 63. Ke8 Be4 64. Be2 Bxf5 65. Kf7 Be4 66. Kxf6 Kc6 67. Kg7 h5 68. Bxh5 Kb5 69. Kf6 1-0


[Site "http://www.Chess.com"]